Map: Blackburn LE

Players

ButAlways - Winner!

  • Race: Protoss Protoss

GogojOey

  • Race: Zerg Zerg

Event: DreamHack SC2 Masters 2021 Fall

VOD

Have the link to the VOD?

Description

Time

  • Played on: July 29, 2021, 10:24 a.m.
  • Length: 13:39

All games in this series

Show
View Real Time Build Order
Export as new Build Order

ButAlways Protoss - Winner!

Build Orders: 1 Gate Expand, Oracle Opening 

Get SALT Encoding   

  12  0:00  Probe  
  13  0:12  Probe  
  14  0:19  Pylon  
  14  0:24  Probe  
  15  0:37  Probe (Chrono Boost)  
  15  0:38  Gateway  
  16  0:47  Probe (Chrono Boost)  
  16  0:48  Assimilator  
  17  0:52  Probe (Chrono Boost)  
  18  1:04  Probe  
  19  1:16  Probe  
  20  1:25  Cybernetics Core  
  20  1:35  Nexus  
  20  1:39  Probe  
  21  1:45  Pylon  
  21  1:51  Probe  
  21  1:54  Assimilator  
  22  2:01  Stalker (Chrono Boost)  
  22  2:05  Probe  
  25  2:17  Probe  
  26  2:23  Zealot  
  26  2:28  Stargate  
  26  2:29  Probe (Chrono Boost)  
  29  2:38  Warp Gate  
  29  2:39  Probe (Chrono Boost)  
  30  2:46  Probe (Chrono Boost)  
  30  2:47  Probe (Chrono Boost)  
  32  2:56  Probe (Chrono Boost)  
  32  2:58  Probe (Chrono Boost)  
  34  3:01  Probe (Chrono Boost)  
  35  3:07  Probe  
  36  3:13  Probe  
  36  3:15  Oracle (Chrono Boost)  
  36  3:19  Adept, Probe  
  43  3:25  Probe  
  43  3:26  Gateway  
  42  3:32  Probe  
  43  3:34  Assimilator  
  43  3:37  Probe  
  43  3:38  Assimilator  
  44  3:44  Probe  
  45  3:49  Probe  
  45  3:51  Pylon  
  46  4:06  Pylon  
  46  4:09  Fleet Beacon, Phoenix (Chrono Boost), Probe x2  
  50  4:21  Probe x2  
  52  4:28  Stalker  
  54  4:32  Stargate  
  54  4:33  Probe x2  
  54  4:34  Pylon  
  56  4:40  Adept  
  56  4:45  Probe  
  59  4:50  Pylon  
  59  4:51  Pylon  
  59  4:53  Protoss Air Weapons Level 1  
  65  5:00  Carrier (Chrono Boost)  
  65  5:13  Carrier (Chrono Boost)  
  68  5:24  Nexus  
  68  5:25  Pylon  
  68  5:37  Probe x2  
  70  5:49  Probe  
  71  5:51  Forge, Carrier (Chrono Boost)  
  71  5:55  Zealot x2  
  81  6:07  Probe x2  
  81  6:10  Pylon  
  89  6:12  Carrier (Chrono Boost)  
  89  6:17  Zealot  
  89  6:18  Zealot  
  93  6:26  Stargate  
  93  6:29  Photon Cannon  
  93  6:40  Void Ray, Probe x2  
  97  6:50  Probe  
  96  6:56  Probe  
  96  6:59  Probe  
  92  7:03  Void Ray  
  92  7:04  Probe  
  92  7:07  Void Ray  
  94  7:08  Assimilator, Probe  
  94  7:11  Probe  
  94  7:12  Assimilator  
  101  7:17  Photon Cannon  
  101  7:18  Shield Battery  
  101  7:20  Shield Battery  
  101  7:24  Pylon  
  101  7:27  Photon Cannon, Void Ray (Chrono Boost)  
  105  7:43  Void Ray (Chrono Boost)  
  99  7:47  Void Ray (Chrono Boost), Probe  
  104  7:55  Pylon  
  108  7:59  Stargate  
  108  8:08  Void Ray (Chrono Boost)  
  108  8:12  Zealot  
  114  8:13  Zealot  
  114  8:15  Void Ray (Chrono Boost)  
  114  8:16  Protoss Air Weapons Level 2 (Chrono Boost), Shield Battery  
  114  8:19  Shield Battery  
  120  8:33  Void Ray (Chrono Boost)  
  116  8:39  Photon Cannon  
  116  8:42  Photon Cannon  
  116  8:43  Void Ray (Chrono Boost)  
  116  8:44  Zealot x2  
  116  8:46  Void Ray (Chrono Boost)  
  128  8:56  Pylon, Void Ray (Chrono Boost)  
  132  9:08  Void Ray (Chrono Boost)  
  130  9:15  Void Ray (Chrono Boost)  
  128  9:26  Photon Cannon  
  128  9:27  Shield Battery  
  128  9:28  Sentry, Zealot  
  132  9:33  Pylon  
  132  9:34  Void Ray (Chrono Boost)  
  132  9:37  Void Ray (Chrono Boost)  
  140  9:49  Pylon  
  140  9:51  Pylon  
  138  9:52  Pylon, Photon Cannon  
  138  9:58  Void Ray  
  134  10:00  Void Ray  
  134  10:06  Void Ray  
  142  10:17  Nexus  
  142  10:29  Void Ray  
  142  10:30  Protoss Air Weapons Level 3 (Chrono Boost)  
  142  10:33  Assimilator  
  146  10:38  Assimilator, Void Ray  
  146  10:47  Adept  
  146  10:48  Adept  
  154  10:51  Probe x3  
  157  10:58  Void Ray (Chrono Boost)  
  157  11:00  Void Ray (Chrono Boost)  
  161  11:09  Void Ray (Chrono Boost)  
  165  11:14  Void Ray (Chrono Boost)  
  167  11:22  Nexus  
  167  11:24  Pylon  
  169  11:29  Zealot x2  
  173  11:35  Void Ray (Chrono Boost)  
  173  11:39  Void Ray  
  175  11:47  Void Ray  
  175  11:52  Zealot x2  
  171  11:55  Void Ray  
  163  12:12  Void Ray (Chrono Boost)  
  167  12:17  Sentry  
  167  12:20  Void Ray (Chrono Boost)  
  169  12:26  Void Ray (Chrono Boost)  
  169  12:29  Shield Battery  
  173  12:30  Shield Battery  
  173  12:31  Photon Cannon  
  173  12:32  Photon Cannon  
  173  12:35  Void Ray (Chrono Boost)  
  173  12:42  Photon Cannon  
  173  12:48  Sentry  
  173  12:50  Pylon  
  179  12:54  Void Ray (Chrono Boost)  
  179  12:57  Void Ray (Chrono Boost)  
Show
View Real Time Build Order
Export as new Build Order

GogojOey Zerg 

Build Orders: Hatch First 

Get SALT Encoding   

  12  0:00  Drone  
  13  0:12  Overlord  
  13  0:17  Drone  
  14  0:30  Drone x2  
  14  0:35  Drone  
  17  0:52  Hatchery  
  17  0:55  Drone  
  17  0:58  Drone  
  18  1:09  Extractor  
  17  1:14  Spawning Pool  
  17  1:17  Drone  
  17  1:19  Drone  
  18  1:28  Drone  
  19  1:38  Drone  
  20  1:49  Drone  
  21  2:01  Zergling x2  
  22  2:04  Queen  
  22  2:07  Queen, Zergling x2  
  27  2:08  Metabolic Boost  
  27  2:15  Overlord  
  27  2:17  Drone  
  28  2:35  Hatchery  
  27  2:38  Drone  
  27  2:42  Drone  
  28  2:44  Queen  
  28  2:51  Drone x2  
  32  2:57  Overlord  
  31  3:04  Zergling x2  
  32  3:07  Drone x2  
  34  3:20  Drone x6  
  34  3:23  Drone x2  
  42  3:29  Overlord  
  42  3:30  Drone  
  42  3:34  Spore Crawler  
  42  3:40  Overlord  
  42  3:41  Drone  
  43  3:48  Queen  
  43  3:50  Drone x3  
  48  3:57  Drone x2  
  48  3:58  Drone  
  48  4:01  Spore Crawler  
  50  4:03  Spore Crawler, Drone  
  50  4:04  Drone  
  51  4:13  Extractor  
  51  4:15  Drone  
  51  4:23  Drone  
  49  4:25  Drone x5  
  49  4:27  Lair  
  55  4:32  Overlord  
  55  4:33  Drone x2  
  55  4:36  Drone x2  
  59  4:38  Drone  
  59  4:39  Drone  
  61  4:45  Overlord  
  61  4:48  Extractor, Overlord  
  61  4:49  Extractor  
  61  4:51  Overlord  
  61  4:52  Evolution Chamber  
  58  4:53  Drone  
  58  4:54  Drone  
  58  4:56  Drone x2  
  61  5:02  Drone x2  
  61  5:04  Drone  
  61  5:05  Drone x2  
  66  5:07  Drone x3  
  69  5:14  Zergling x2  
  69  5:15  Queen x2  
  69  5:18  Zerg Missile Weapons Level 1  
  69  5:20  Extractor  
  73  5:28  Extractor, Queen  
  70  5:30  Drone x2, Spire  
  70  5:33  Extractor  
  73  5:35  Drone x2  
  73  5:36  Drone  
  75  5:43  Drone  
  75  5:45  Drone x2  
  75  5:47  Hatchery  
  75  5:49  Drone x3  
  80  5:54  Overlord x2  
  80  5:56  Overlord  
  80  6:02  Overlord x2  
  80  6:05  Queen  
  80  6:09  Overlord x2  
  82  6:13  Drone  
  82  6:14  Queen, Drone  
  86  6:19  Drone  
  86  6:20  Spore Crawler  
  86  6:24  Queen  
  88  6:29  Drone x2  
  88  6:30  Drone x2  
  88  6:31  Drone  
  93  6:34  Spore Crawler  
  93  6:36  Zergling x4  
  93  6:37  Zergling x10  
  96  6:52  Queen  
  91  7:00  Corruptor x6  
  99  7:06  Corruptor x2  
  99  7:08  Drone  
  100  7:10  Overlord  
  100  7:11  Drone  
  100  7:13  Drone x2  
  101  7:17  Drone x2  
  101  7:18  Drone x2  
  101  7:19  Drone  
  101  7:22  Drone x2  
  108  7:25  Zerg Flyer Weapons Level 1  
  108  7:31  Corruptor  
  108  7:32  Corruptor  
  110  7:41  Corruptor x3  
  114  7:46  Queen x2  
  116  7:51  Corruptor x2  
  116  7:58  Drone x7  
  125  8:01  Corruptor  
  125  8:02  Corruptor  
  125  8:08  Corruptor  
  125  8:10  Spore Crawler  
  125  8:11  Zerg Missile Weapons Level 2  
  126  8:13  Queen  
  128  8:21  Corruptor x3  
  132  8:32  Queen  
  132  8:33  Queen  
  132  8:35  Corruptor x2  
  132  8:37  Queen  
  132  8:39  Drone  
  132  8:40  Drone x2  
  141  8:42  Extractor  
  141  8:45  Extractor, Drone x2  
  141  8:47  Corruptor  
  143  8:49  Queen  
  143  8:52  Hatchery  
  144  8:57  Corruptor x2  
  144  8:58  Spore Crawler  
  144  9:00  Spore Crawler  
  144  9:02  Corruptor x2  
  148  9:03  Spore Crawler  
  148  9:08  Zergling x4  
  151  9:16  Overlord x3  
  149  9:17  Queen  
  149  9:21  Queen  
  149  9:26  Queen  
  151  9:31  Overlord  
  151  9:32  Overlord x2  
  151  9:34  Queen  
  151  9:37  Spore Crawler  
  151  9:38  Corruptor x5  
  152  9:39  Spore Crawler  
  152  9:45  Infestation Pit  
  160  9:46  Corruptor  
  160  9:52  Corruptor  
  162  9:53  Corruptor  
  156  10:08  Corruptor x3  
  160  10:14  Corruptor  
  160  10:16  Drone x2  
  162  10:21  Hive  
  162  10:24  Queen x3  
  162  10:26  Corruptor  
  170  10:35  Corruptor x2  
  170  10:39  Corruptor  
  170  10:41  Drone  
  170  10:42  Drone x4  
  181  10:45  Corruptor  
  181  10:48  Queen  
  185  10:55  Zerg Ground Armor Level 1  
  185  10:56  Drone  
  186  10:59  Queen  
  188  11:06  Queen  
  187  11:12  Zergling x22  
  187  11:13  Extractor x2  
  189  11:19  Drone x2  
  189  11:20  Drone x2  
  192  11:26  Drone x2  
  192  11:27  Drone x4  
  196  11:38  Corruptor x4  
  182  11:53  Corruptor x7  
  178  11:54  Queen x2  
  178  11:58  Corruptor  
  160  12:03  Queen x2  
  154  12:11  Viper  
  154  12:13  Zergling x2  
  154  12:14  Zergling x14  
  165  12:22  Spore Crawler  
  164  12:23  Spore Crawler, Corruptor x2  
  155  12:30  Queen  
  155  12:31  Corruptor x2  
  155  12:35  Queen  
  141  12:39  Queen  
  141  12:40  Corruptor x2  
  145  12:45  Corruptor  
  145  12:51  Queen  
  149  12:59  Spore Crawler x2, Hatchery  
  149  13:00  Corruptor x2  
  149  13:04  Corruptor  

Tags
 
Add a new tag
Caveats
  • Supply blocks, unpowered buildings, or Contaminate may cause inaccurate times.
  • Supply counts are checked every 10 seconds.